 Dungeon Crawl Stone Soup version 0.17-a0-1946-gfb768fe (console) character file.

25 lauthentik the Sneak (level 2, -2/20 HPs)
             Began as a Vampire Enchanter on Oct 1, 2015.
             Slain by a jackal (3 damage)
             ... on level 1 of the Dungeon.
             The game lasted 00:02:45 (939 turns).

lauthentik the Sneak (Vampire Enchanter)             Turns: 939, Time: 00:02:45

Health: -2/20      AC:  3    Str:  7    XL:     2   Next: 82%
Magic:  0/5        EV: 12    Int: 17    God:
Gold:   38         SH:  0    Dex: 14    Spells: 2 memorised, 2 levels left

rFire  . . .     SeeInvis +     l - +0 dagger
rCold  + . .     Clarity  .     b - +1 robe
rNeg   + + .     SustAt   .     (no shield)
rPois  +         Gourm    .     (no helmet)
rElec  .         Spirit   .     (no cloak)
rCorr  .         Warding  .     (no gloves)
rMut   .         Stasis   .     (no boots)
MR     .....                    (no amulet)
Stlth  +++.......               (no ring)
                                (no ring)

@: regenerating slowly, not resistant to hostile enchantments, fairly stealthy
A: fangs 3, see invisible, unbreathing
a: no special abilities


You were on level 1 of the Dungeon.
You were thirsty.

You visited 1 branch of the dungeon, and saw 1 of its levels.

You collected 38 gold pieces.

Inventory:

Hand weapons
 a - a +1 dagger
 k - a +0 dagger
 l - a +0 dagger (weapon)
Missiles
 f - 4 javelins (quivered)
Armour
 b - a +1 robe (worn)
Scrolls
 e - a scroll of fear {unknown}
 g - a scroll of identify {unknown}
 h - a scroll of enchant armour {unknown}
 i - a scroll of remove curse {unknown}
 m - a scroll of random uselessness {unknown}
Potions
 d - a potion of blood
 j - a potion of ambrosia {unknown}
Books
 c - a book of Maledictions

   Spells                             Type                      Level
   a - Corona                         Hexes                        1
   b - Ensorcelled Hibernation        Hexes/Ice                    2
   c - Confuse                        Hexes                        3
   d - Tukima's Dance                 Hexes                        3
   e - Dazzling Spray                 Conjuration/Hexes            3


   Skills:
 + Level 0.3 Fighting
 + Level 1.3 Short Blades
 + Level 2.2 Dodging
 + Level 5.1 Stealth
 + Level 2.2 Spellcasting
 + Level 4.8 Hexes


You had 2 spell levels left.
You knew the following spells:

 Your Spells              Type           Power        Failure   Level  Hunger
a - Ensorcelled Hibernat  Hex/Ice        ##....       14%         2    ###....
b - Corona                Hex            ###....      2%          1    #......


Dungeon Overview and Level Annotations

Branches:
Dungeon (1/15)

Altars:


Innate Abilities, Weirdness & Mutations

You heal slowly.
You have razor-sharp teeth.
You have supernaturally acute eyesight.
You can survive without breathing.


Message History

The jackal is moderately wounded.
The jackal closely misses you. x2
Casting: Ensorcelled Hibernation
Confirm with . or Enter, or press ? or * to list all spells.
Aiming: Corona
Press: ? - help, Shift-Dir - straight line, f - jackal
Aim: a jackal (moderately wounded, chance to defeat MR: 86%)
The jackal is outlined in light.
The jackal bites you.
* * * LOW HITPOINT WARNING * * *
You hit the jackal.
The jackal is heavily wounded.
The jackal closely misses you.
You hit the jackal but do no damage.
The jackal is heavily wounded.
The jackal completely misses you. The jackal bites you.
* * * LOW HITPOINT WARNING * * *
You hit the jackal but do no damage. Your bite misses the jackal.
The jackal is heavily wounded.
The jackal bites you.
You die...

#.......
#...........$.##.......
###.... ........##.......
....... ........##.......
##..... .......##.......
....... ............#...
....... #...######..#.##
.......###...#...........
.(%....h@............#.##
....######...#.......#.# .
#..†...........#.#
#(############.#.#
#########..............#.#
#.........#####..#######.#
#.#######...###8'8###....#
#.# #..##≈≈≈.≈≈≈##...# #.#
#.##≈≈≈.P.≈≈≈##..##


You could see a jackal.

Vanquished Creatures
  6 bats (D:1)
  A giant cockroach (D:1)
  A goblin (D:1)
  4 hobgoblins (D:1)
  2 jackals (D:1)
  2 giant geckos (D:1)
  4 kobolds (D:1)
  2 rats (D:1)
22 creatures vanquished.

Notes
Turn   | Place    | Note
--------------------------------------------------------------
     0 | D:1      | lauthentik the Vampire Enchanter began the quest for the Orb.
     0 | D:1      | Reached XP level 1. HP: 13/13 MP: 3/3
   100 | D:1      | Reached XP level 2. HP: 5/19 MP: 5/5
   104 | D:1      | Learned a level 2 spell: Ensorcelled Hibernation
   908 | D:1      | Reached skill level 5 in Stealth
   938 | D:1      | HP: 1/20 [jackal (2)]
   939 | D:1      | Slain by a jackal

Vault maps used:
D:1:      lightli_arrival_statuegarden, roderic_nine_men_s_morris

Action                   || total
-------------------------++-------
Melee: Dagger            ||    59
Throw: Javelin           ||     4
 Cast: Corona            ||     6
       Ensorcelled Hiber ||     6
 Stab: Sleeping          ||    10
